 Dungeon Crawl Stone Soup version 0.20-a0-29-g41cc41e (webtiles) character file.

122 MrRokkomies the Conjurer (level 4, -6/37 HPs)
             Began as a Demigod Conjurer on Nov 8, 2016.
             Killed by nerve-wracking pain
             ... invoked by Grinder
              (14 damage)
             ... on level 3 of the Dungeon.
             The game lasted 00:06:17 (2882 turns).

MrRokkomies the Conjurer (Demigod Conjurer)         Turns: 2882, Time: 00:06:18

Health: -6/37      AC:  4    Str: 11    XL:     4   Next: 50%
Magic:  3/9        EV: 12    Int: 21    God:
Gold:   169        SH:  0    Dex: 16    Spells: 3 memorised, 0 levels left

rFire  . . .     SeeInvis .     h - +0 dagger (venom)
rCold  . . .     Gourm    .     a - +0 robe
rNeg   . . .     Faith    .     (no shield)
rPois  .         Spirit   .     (no helmet)
rElec  .         Reflect  .     u - +1 cloak
rCorr  .         Harm     .     (no gloves)
MR     .....                    (no boots)
Stlth  ++........               (no amulet)
                                (no ring)
                                (no ring)

@: no status effects
A: high mp 1
a: no special abilities


You were on level 3 of the Dungeon.
You were not hungry.

You visited 1 branch of the dungeon, and saw 4 of its levels.

You collected 169 gold pieces.

Inventory:

Hand Weapons
 e - a +0 hand axe
 h - a +0 dagger of venom (weapon)
 s - a cursed -2 longbow
Armour
 a - a +0 robe (worn)
 u - a +1 cloak (worn)
Scrolls
 j - 3 scrolls of remove curse
 t - 2 scrolls of fog
Potions
 i - 3 potions of lignification
 k - a potion of mutation
 m - a potion of might {unknown}
 o - a potion of agility {unknown}
 p - 2 potions of curing
Books
 b - a book of Conjurations

   Spells                             Type                      Level
   a - Magic Dart                     Conjuration                  1
   b - Searing Ray                    Conjuration                  2
   c - Dazzling Spray                 Conjuration/Hexes            3
   d - Fulminant Prism                Conjuration/Hexes            4
   e - Iskenderun's Mystic Blast      Conjuration                  4
   f - Iskenderun's Battlesphere      Conjuration/Charms           5
Comestibles
 c - 2 bread rations
 d - 3 meat rations
 f - a royal jelly
 g - a chunk of flesh
 r - a beef jerky


   Skills:
 * Level 2.9 Fighting
 - Level 1.7 Dodging
 - Level 1.7 Stealth
 - Level 1.7 Spellcasting
 * Level 4.6 Conjurations


You couldn't memorise any spells.
You knew the following spells:

 Your Spells              Type           Power        Failure   Level  Hunger
a - Magic Dart            Conj           ###.         1%          1    #......
b - Searing Ray           Conj           ###...       3%          2    ###....
c - Dazzling Spray        Conj/Hex       ##....       21%         3    ###....


Dungeon Overview and Level Annotations

Branches:
Dungeon (4/15)
 Temple: D:4-7

Annotations:
D:3 Grinder


Innate Abilities, Weirdness & Mutations

You have an increased reservoir of magic. (+10% MP)


Message History

You hit Grinder.
Grinder is heavily wounded.
Grinder barely misses you.
You hit Grinder but do no damage.
Grinder is heavily wounded.
Grinder is no longer blind.
Grinder hits you but does no damage.
You hit Grinder but do no damage.
Grinder is poisoned.
Grinder is heavily wounded.
Grinder hits you!
You writhe in agony.
* * * LOW HITPOINT WARNING * * *
Casting: Dazzling Spray
Confirm with . or Enter, or press ? or * to list all spells.
Aiming: Magic Dart
Press: ? - help, Shift-Dir - straight line, f/p - Grinder
Aim: Grinder (heavily wounded, poisoned)
The magic dart hits Grinder.
Grinder is heavily wounded.
Grinder gestures at you. Pain shoots through your body!
You die...

#....# #. #....#
#######. #....#
#.....'. #....##
#.#####. #.....#
#†#...'. #.....#
#.#.###.
#.....#######.#.###.
#....>...)........##
#..@..#######.#...).
##5##.# #.####.#
#.##.# #.......
#.##.# ######..
###.##.#############.
#...##...............
#.###################
#.# ###### #.# ......


You could see Grinder.

Vanquished Creatures
  5 adders
  2 worms
  A dart slug (D:1)
  A leopard gecko (D:2)
  6 giant cockroaches
  4 goblins
  9 hobgoblins
  6 jackals
  A ball python (D:2)
  8 bats
  3 frilled lizards (D:2)
  6 kobolds
  19 rats
71 creatures vanquished.

Notes
Turn   | Place    | Note
-------+----------+-------------------------------------------
     0 | D:1      | MrRokkomies the Demigod Conjurer began the quest for the Orb.
     0 | D:1      | Reached XP level 1. HP: 14/14 MP: 5/5
    28 | D:1      | Reached skill level 1 in Fighting
   245 | D:1      | Reached XP level 2. HP: 19/23 MP: 7/7
   884 | D:1      | Reached skill level 4 in Conjurations
  1008 | D:2      | Reached XP level 3. HP: 20/29 MP: 8/8
  1140 | D:1      | Learned a level 2 spell: Searing Ray
  1712 | D:2      | Reached XP level 4. HP: 25/37 MP: 9/9
  2750 | D:3      | Noticed Grinder
  2863 | D:4      | Learned a level 3 spell: Dazzling Spray
  2882 | D:3      | Killed from afar by Grinder

Vault maps used:
D:1:      erik_arrival_orb_chamber
D:2:      minmay_misc_feat_encased, grunt_ministairs_6, minmay_misc_feat_x
D:3:      uniq_grinder
D:4:      uniq_crazy_yiuf_cottage, uniq_eustachio

Skill      XL: |  1  2  3 |
---------------+----------+-----
Fighting       | 1 2 |  2.9
Conjurations   | 4 |  4.6
Dodging        | |  1.7
Stealth        | |  1.7
Spellcasting   | |  1.7

Action                   |  1- 3 |  4- 6 || total
-------------------------+-------+-------++-------
Melee: Unarmed           |    23 |       ||    23
       Dagger            |   108 |    73 ||   181
 Cast: Magic Dart        |    15 |     1 ||    16
       Dazzling Spray    |       |     2 ||     2
  Use: Scroll            |       |     9 ||     9
 Stab: Sleeping          |     6 |     2 ||     8
       Invisible         |       |     1 ||     1
  Eat: Chunk             |     3 |     4 ||     7
Armor: Robe              |    30 |    14 ||    44
Dodge: Dodged            |    81 |    50 ||   131
